 Dungeon Crawl Stone Soup version 0.28-a0-1033-g1a2f33fa85 (webtiles) character file.

Game seed: 2906983613490052921

3340 SirFunk the Cleaver (level 9, -2/123 HPs)
             Began as a Minotaur Berserker on Dec 8, 2021.
             Was an Elder of Trog.
             Killed from afar by a steam dragon (9 damage)
             ... with a ball of steam
             ... on level 8 of the Dungeon.
             The game lasted 00:12:07 (8108 turns).

SirFunk the Cleaver (Minotaur Berserker)            Turns: 8108, Time: 00:12:08

Health: -2/123     AC:  7    Str: 26    XL:     9   Next: 72%
Magic:  8/8        EV: 14    Int:  4    God:    Trog [****..]
Gold:   379        SH:  9    Dex: 10    Spells: 8/8 levels left

rFire   x . .      SeeInvis .   a - +0 hand axe
rCold   + . .      Faith    .   G - +0 buckler
rNeg    . . .      Spirit   .   j - +0 animal skin
rPois   +          Reflect  +   (helmet restricted)
rElec   .          Harm     .   e - +2 cloak
rCorr   .          Rampage  .   E - +0 pair of gloves
Will    .....                   (no boots)
Stlth   ..........              u - amulet of reflection
HPRegen 0.30/turn               v - ring of poison resistance
MPRegen 0.11/turn               F - ring of ice

@: berserking, hasted, very quick
A: horns 2, retaliatory headbutt
a: Renounce Religion, Berserk, Trog's Hand, Brothers in Arms


You were on level 8 of the Dungeon.
You worshipped Trog.
Trog was greatly pleased with you.
You visited 1 branch of the dungeon, and saw 8 of its levels.
You also visited: Ossuary.

You collected 379 gold pieces.

Inventory:

Hand Weapons
 a - a +0 hand axe (weapon)
 b - a +3 hunting sling
 w - a +3 dagger of venom
 J - a +2 spear of freezing
Missiles
 m - 224 stones (quivered)
 s - 74 sling bullets
 K - a throwing net
Armour
 e - a +2 cloak (worn)
 j - a +0 animal skin (worn)
 E - a +0 pair of gloves (worn)
 G - a +0 buckler (worn)
Jewellery
 u - an amulet of reflection (around neck)
 v - a ring of poison resistance (left hand)
 F - a ring of ice (right hand)
Wands
 t - a wand of iceblast (12)
 I - a wand of flame (15)
Scrolls
 i - 3 scrolls of noise {unknown}
 k - a scroll of fog {unknown}
 n - 2 scrolls of enchant weapon {unknown}
 p - 2 scrolls of blinking {unknown}
 x - 3 scrolls of enchant armour {unknown}
 y - a scroll of fear {unknown}
 A - a scroll of torment {unknown}
 B - a scroll of acquirement {unknown}
 C - 2 scrolls of holy word {unknown}
 D - 2 scrolls of brand weapon {unknown}
 H - a scroll of teleportation {unknown}
Potions
 c - 3 potions of flight
 d - a potion of haste
 f - 3 potions of heal wounds {unknown}
 g - a potion of berserk rage {unknown}
 l - 3 potions of resistance {unknown}
 o - 2 potions of magic {unknown}
 q - 5 potions of curing {unknown}
 r - a potion of degeneration {unknown}
 z - a potion of attraction {unknown}


   Skills:
 + Level 8.6 Fighting
 * Level 9.4 Axes
 + Level 8.1 Armour
 + Level 7.4 Dodging
 - Level 4.0 Shields


You had 8 spell levels left.
You didn't know any spells.
Your spell library was empty.

Dungeon Overview and Level Annotations

Branches:
Dungeon (8/15)             Temple (0/1) D:6         Ossuary (visited)
   Lair: D:8-11

Altars:
Okawaru
Yredelemnul


Innate Abilities, Weirdness & Mutations

You have a pair of horns on your head.
You reflexively headbutt those who attack you in melee.


Message History

The steam dragon bites you.
* * * LOW HITPOINT WARNING * * *
The steam dragon claws you but does no damage.
You closely miss the steam dragon. You headbutt the steam dragon!
The steam dragon is heavily wounded.
The steam dragon breathes steam at you. The ball of steam misses you.
You hear a shout!
Unknown command.
You hit the steam dragon. Your headbutt misses the steam dragon.
The steam dragon is heavily wounded.
You are engulfed in a cloud of scalding steam.
The steam dragon closely misses you. You block the steam dragon's attack.
Unknown command.
You closely miss the steam dragon.
The steam dragon is heavily wounded.
You are engulfed in a cloud of scalding steam.
Unknown command.
You hit the steam dragon but do no damage.
You headbutt the steam dragon.
The steam dragon is severely wounded.
You are engulfed in a cloud of scalding steam.
* * * LOW HITPOINT WARNING * * *
The steam dragon bites you.
* * * LOW HITPOINT WARNING * * *
The steam dragon claws you.
* * * LOW HITPOINT WARNING * * *
You feel yourself speed up.
You are engulfed in a cloud of scalding steam.
* * * LOW HITPOINT WARNING * * *
You block the steam dragon's attack. The steam dragon closely misses you.
Drop what? 36/52 slots (_ for help) (? for menu, Esc to quit)
Okay, then.
A red film seems to cover your vision as you go berserk!
You feel yourself moving faster!
You feel mighty!
You are engulfed in a cloud of scalding steam.
* * * LOW HITPOINT WARNING * * *
The steam dragon breathes steam at you. The ball of steam hits you!
The steam scalds you terribly!
You die...

##.. # ##... .###
...###.... ##...#..#
..####.....$.###
.......#........
#...#.##### ##D## #
###@##.# #..ยง...#
#.###.## #.# #.# .#
###.#######.###.#
#...............#
#.#.#######.#####
#....######.#######
##..............$...


You could see a steam dragon (catching breath).

Vanquished Creatures
  A cyclops (D:7)
  Grinder (D:5)
  A hornet (D:8)
  A vampire mosquito (D:7)
  2 water moccasins
  2 necrophages (D:6)
  A sky beast (D:7)
  A black bear (D:4)
  A hornet zombie (D:6)
  2 ogres
  A phantom (D:5)
  A bullfrog (D:7)
  2 scorpions
  A water moccasin skeleton (D:4)
  5 killer bees
  3 wights (D:7)
  2 howler monkeys
  2 bullfrog zombies (D:6)
  7 hounds
  A bullfrog skeleton (D:7)
  An orc priest (D:5)
  Ijyb (D:4)
  A centaur skeleton (D:4)
  Jessica (D:3)
  2 iguanas
  2 orc wizards (D:5)
  A hound zombie (D:4)
  3 mummies (Ossuary)
  8 gnolls
  11 adders
  A howler monkey skeleton (D:4)
  3 white imps
  2 ufetubi
  4 adder zombies (Ossuary)
  4 worms
  2 dart slugs
  12 orcs
  6 ball pythons
  9 endoplasms
  7 giant cockroaches
  A gnoll zombie (Ossuary)
  4 goblins
  9 hobgoblins
  4 jackals (D:1)
  6 kobolds
  A quokka (D:2)
  3 bats
  4 frilled lizards
  2 goblin zombies (Ossuary)
  2 hobgoblin zombies (Ossuary)
  A jackal skeleton (D:4)
  2 kobold zombies (Ossuary)
  3 quokka zombies (Ossuary)
  6 rats
  4 rat zombies (Ossuary)
171 creatures vanquished.

Notes
Turn   | Place    | Note
-------+----------+-------------------------------------------
     0 | D:1      | SirFunk the Minotaur Berserker began the quest for the Orb.
     0 | D:1      | Reached XP level 1. HP: 19/19 MP: 0/0
    45 | D:1      | Found a faded altar of an unknown god.
   257 | D:1      | Reached XP level 2. HP: 27/27 MP: 1/1
   492 | D:1      | Reached skill level 4 in Axes
   936 | D:2      | Reached XP level 3. HP: 33/33 MP: 2/2
  1133 | D:2      | Reached ** piety under Trog
  1688 | D:2      | Reached XP level 4. HP: 31/40 MP: 3/3
  2478 | D:3      | Noticed a scorpion
  2485 | D:3      | Killed a scorpion
  2486 | D:3      | Reached XP level 5. HP: 32/47 MP: 4/4
  2708 | D:3      | Noticed Jessica
  2718 | D:3      | Killed Jessica
  3366 | D:3      | Reached skill level 5 in Fighting
  3428 | D:3      | Reached skill level 5 in Axes
  3679 | D:4      | Noticed a water moccasin
  3689 | D:4      | Killed a water moccasin
  3690 | D:4      | Reached XP level 6. HP: 56/56 MP: 5/5
  3754 | D:4      | Reached *** piety under Trog
  3793 | D:4      | Reached skill level 5 in Armour
  3793 | D:4      | Reached XP level 7. HP: 62/62 MP: 6/6
  4127 | D:4      | Reached skill level 6 in Axes
  4127 | D:4      | Reached skill level 5 in Dodging
  4407 | D:4      | Noticed Ijyb
  4419 | D:4      | Killed Ijyb
  4689 | D:5      | Entered Level 5 of the Dungeon
  4790 | D:5      | Found a basalt altar of Yredelemnul.
  5109 | D:5      | Noticed Grinder
  5114 | D:5      | Paralysed by Grinder for 7 turns
  5124 | D:5      | Killed Grinder
  5125 | D:5      | Reached XP level 8. HP: 27/71 MP: 7/7
  5937 | D:5      | Reached skill level 7 in Axes
  6355 | D:6      | Found a staircase to the Ecumenical Temple.
  7286 | D:7      | Reached XP level 9. HP: 70/81 MP: 8/8
  7401 | D:7      | Reached skill level 1 in Shields
  7410 | D:7      | Found an iron altar of Okawaru.
  7445 | D:7      | Reached skill level 8 in Axes
  7458 | D:7      | Reached **** piety under Trog
  7524 | D:7      | Noticed a cyclops
  7531 | D:7      | Killed a cyclops
  7585 | D:7      | Found a sand-covered staircase.
  7590 | Ossuary  | Entered an ossuary
  8027 | D:8      | Noticed a cyclops
  8027 | D:8      | Noticed a cyclops
  8027 | D:8      | Noticed a centaur warrior
  8027 | D:8      | Noticed a boulder beetle
  8028 | D:8      | Noticed a white ugly thing
  8028 | D:8      | Noticed a troll
  8037 | D:8      | Noticed a death knight
  8038 | D:8      | Noticed a cyan ugly thing
  8064 | D:8      | Reached skill level 9 in Axes
  8108 | D:8      | Killed from afar by a steam dragon

Illustrated notes

Levels and vault maps discovered:
D:1:      amcnicky_arrival_double_pillar, layout_basic,
          hellmonk_ecumenical_altar_run_dry, serial_bayou,
          serial_bayou_crossing, serial_bayou_ford_a, serial_bayou_shore_b,
          serial_bayou_shore_b
D:2:      layout_loops_ring, minmay_quadrilaterals
D:3:      layout_basic, uniq_jessica
D:4:      layout_gridville, minmay_misc_feat_tower,
          minmay_fractal_squares_diagonal_5, uniq_ijyb
D:5:      nicolae_cairo_tiling_large, layout_basic,
          mainiacjoe_overflow_boulevard, supply_closet_lemuel, uniq_grinder
D:6:      layout_rooms, minmay_temple_entry_from_below_a
D:7:      layout_gridville, okawaru_altar_gauntlet_db,
          nicolae_ossuary_entry_plus, minmay_three_doors
D:8:      layout_loops_ring, serial_shops, kennysheep_mini_moat, minivault_12

Skill      XL: |  1  2  3  4  5  6  7  8  9 |
---------------+----------------------------+-----
Axes           | 4 5 6 7 9 |  9.4
Fighting       | 4 5 6 7 8 |  8.6
Armour         | 3 4 5 6 7 8 |  8.1
Dodging        | 3 4 5 6 7 |  7.4
Shields        | 4 |  4.0

Action                   |  1- 3 |  4- 6 |  7- 9 || total
-------------------------+-------+-------+-------++-------
Melee: Hand axe          |    69 |   105 |   288 ||   462
       Headbutt          |    14 |    31 |    63 ||   108
 Fire: Hunting sling     |       |     4 |     5 ||     9
Invok: Berserk           |       |     2 |     4 ||     6
       Trog's Hand       |       |       |     1 ||     1
  Use: Scroll            |       |       |     2 ||     2
       Potion            |       |       |     1 ||     1
 Stab: Sleeping          |       |     1 |       ||     1
Armor: Animal skin       |    25 |    15 |    51 ||    91
Dodge: Dodged            |    46 |    66 |   143 ||   255
Block: Other             |       |       |    31 ||    31
       Reflection        |       |       |     9 ||     9
       Buckler           |       |       |    73 ||    73

Table legend: (Time is in decaauts)
 A = Elapsed time spent in this place.
 B = Non-inter-level travel time spent in this place.
 C = Inter-level travel time spent in this place.
 D = Time resting spent in this place.
 E = Time spent auto-exploring this place.
 F = Levels seen in this place.
 G = Mean time per level.
                   A        B        C        D        E       F      G
               +--------+--------+--------+--------+--------+-----+--------+
         Total |   8174 |   7953 |    221 |   1585 |   5023 |   9 |  908.2 |
       Dungeon |   7912 |   7691 |    221 |   1471 |   5023 |   8 |  989.0 |
       Ossuary |    262 |    262 |      0 |    114 |      0 |   1 |  262.0 |
               +--------+--------+--------+--------+--------+-----+--------+

Top non-repeatable levels by time:
     D:5: 1688 daAuts
     D:2: 1531 daAuts
     D:3: 1230 daAuts
     D:4: 1024 daAuts
     D:1: 959 daAuts
     D:6: 914 daAuts
     D:7: 430 daAuts
 Ossuary: 262 daAuts
     D:8: 133 daAuts
